 Dungeon Crawl Stone Soup version 0.26-a0-611-g354ed81502 (webtiles) character file.

Game seed: 4862948714244100399

108 MrRokkomies the Digger (level 4, 0/27 HPs)
             Began as an Octopode Earth Elementalist on Sept 5, 2020.
             Slain by a ball python (1 damage)
             ... on level 3 of the Dungeon.
             The game lasted 00:07:24 (2463 turns).

MrRokkomies the Digger (OpEE)                       Turns: 2463, Time: 00:07:25

Health: 0/27       AC:  1    Str:  7    XL:     4   Next: 87%
Magic:  5/7        EV: 11    Int: 18    God:
Gold:   68         SH:  0    Dex: 12    Spells: 1/8 levels left

rFire    . . .     SeeInvis .   g - +1 spear (vorpal)
rCold    . . .     Faith    .   (no shield)
rNeg     . . .     Spirit   .   (helmet restricted)
rPois    .         Reflect  .   l - amulet of inaccuracy (curse)
rElec    .         Harm     .   (no ring)
rCorr    .                      (no ring)
MR       .....                  (no ring)
Stlth    +++.......             (no ring)
HPRegen  0.09/turn              (no ring)
MPRegen  0.10/turn              (no ring)
                                (no ring)
                                (no ring)

@: constricted
A: almost no armour, stealthy swim, amphibious, 8 rings, constrict 8, camouflage
1, gelatinous body 1
a: no special abilities


You were on level 3 of the Dungeon.
You visited 1 branch of the dungeon, and saw 3 of its levels.

You collected 68 gold pieces.

Inventory:

Hand Weapons
 e - a +0 mace
 g - a +1 vorpal spear (weapon)
Missiles
 b - 146 stones (quivered)
 d - 19 poisoned darts
 h - a throwing net
Jewellery
 l - a cursed amulet of inaccuracy (around mantle)
Scrolls
 a - a scroll of identify
Potions
 c - 2 potions of brilliance


   Skills:
 * Level 3.2 Dodging
 + Level 3.7 Stealth
 + Level 2.5 Spellcasting
 - Level 1.0 Transmutations
 * Level 4.0 Earth Magic


You had one spell level left.
You knew the following spells:

 Your Spells              Type           Power        Failure   Level
a - Sandblast             Erth           ###...       3%          1
b - Passwall              Tmut/Erth      ##......     10%         2
c - Petrify               Tmut/Erth      ##......     52%         4

Your spell library contained the following spells:

 Spells                   Type           Power        Failure   Level
 Stone Arrow              Conj/Erth      #.....       22%         3
 Lee's Rapid Deconstruct  Erth           ###.......   67%         5


Dungeon Overview and Level Annotations

Branches:
Dungeon (3/15)

Altars:
Fedhas
Qazlal
Sif Muna
Xom

Annotations:
D:3 Terence


Innate Abilities, Weirdness & Mutations

You cannot wear most types of armour.
You are very stealthy in the water. (Stealth+)
You are amphibious.
You can wear up to eight rings at the same time.
You can use your tentacles to constrict eight enemies at once.
Your skin changes colour to match your surroundings (Stealth+).
Your rubbery body absorbs attacks. (AC +1, EV +1)


Message History

Confirm with . or Enter, or press ? or * to list all spells.
Press: ? - help, Dir - move target cursor A rock wall.
You constrict Terence, but do no damage.
Terence hits you with a +0 flail.
* * * LOW HITPOINT WARNING * * *
The ball python bites you.
* * * LOW HITPOINT WARNING * * *
x2 The ball python constricts you.
You begin to meditate on the wall.
You continue meditating on the rock.
You constrict Terence, but do no damage.
The ball python bites you.
* * * LOW HITPOINT WARNING * * *
x2 The ball python constricts you.
Terence hits you with a +0 flail.
* * * LOW HITPOINT WARNING * * *
You continue meditating on the rock.
You constrict Terence, but do no damage.
The ball python bites you.
* * * LOW HITPOINT WARNING * * *
You die...

#.# #.#
#.#.# #.#.#
#.#.# #.#g#
#.#@# ##.#@#
#..#S+#####
#...........
#.###..S##.#
#.# ......
#.# .#####
#.# .#
#.###.#
#...#.#


You could see Terence, a hobgoblin and a ball python.

Vanquished Creatures
  2 adders (D:2)
  An ooze (D:2)
  4 worms (D:2)
  3 dart slugs
  3 leopard geckos
  4 orcs (D:3)
  5 bats
  2 giant cockroaches (D:2)
  8 goblins
  9 hobgoblins
  4 jackals (D:2)
  4 kobolds
  A ball python (D:1)
  3 frilled lizards (D:1)
  7 rats
60 creatures vanquished.

Notes
Turn   | Place    | Note
-------+----------+-------------------------------------------
     0 | D:1      | MrRokkomies the Octopode Earth Elementalist began the quest
                  | for the Orb.
     0 | D:1      | Reached XP level 1. HP: 11/11 MP: 3/3
   341 | D:1      | Reached XP level 2. HP: 17/17 MP: 5/5
   757 | D:1      | Reached XP level 3. HP: 21/21 MP: 6/6
  1086 | D:2      | Found a shimmering blue altar of Sif Muna.
  1140 | D:2      | Found a blossoming altar of Fedhas.
  1140 | D:2      | Found a shimmering altar of Xom.
  1241 | D:2      | Found a stormy altar of Qazlal.
  1311 | D:2      | Reached XP level 4. HP: 16/27 MP: 3/7
  2296 | D:3      | Reached skill level 4 in Earth Magic
  2429 | D:3      | Learned a level 2 spell: Passwall
  2434 | D:3      | Learned a level 4 spell: Petrify
  2455 | D:3      | Noticed Terence
  2463 | D:3      | HP: 1/27 [ball python (1)]
  2463 | D:3      | Slain by a ball python

Illustrated notes

Levels and vault maps discovered:
D:1:      wheals_arrival_linesprint, layout_basic, minmay_large_rounded_square,
          hex_large, minmay_octomino_e4
D:2:      layout_rooms, grunt_qazlal_sundering,
          chequers_temple_overflow_statue_of_worship, lemuel_blue_sif_altar
D:3:      layout_loops_ring, minivault_11, lemuel_old_faithful, uniq_terence

Skill      XL: |  1  2  3  4 |
---------------+-------------+-----
Stealth        | 3 |  3.7
Dodging        | 3 |  3.2
Earth Magic    | 4 |  4.0
Spellcasting   | |  2.5
Transmutations | |  1.0

Action                   |  1- 3 |  4- 6 || total
-------------------------+-------+-------++-------
Melee: Mace              |     5 |       ||     5
       Constrict         |    17 |    15 ||    32
       Spear             |    73 |    58 ||   131
       Tentacles         |     8 |     6 ||    14
 Cast: Sandblast         |     8 |    13 ||    21
       Passwall          |       |     1 ||     1
  Use: Scroll            |     4 |     4 ||     8
       Potion            |       |     1 ||     1
 Stab: Sleeping          |    10 |     1 ||    11
       Distracted        |     2 |       ||     2
Armor: Skin              |     4 |     3 ||     7
Dodge: Dodged            |    38 |    32 ||    70

Table legend: (Time is in decaauts)
 A = Elapsed time spent in this place.
 B = Non-inter-level travel time spent in this place.
 C = Inter-level travel time spent in this place.
 D = Time resting spent in this place.
 E = Time spent auto-exploring this place.
 F = Levels seen in this place.
 G = Mean time per level.
                   A        B        C        D        E       F      G
               +--------+--------+--------+--------+--------+-----+--------+
         Total |   2477 |   2328 |    149 |    599 |   1292 |   3 |  825.7 |
       Dungeon |   2477 |   2328 |    149 |    599 |   1292 |   3 |  825.7 |
               +--------+--------+--------+--------+--------+-----+--------+

Top non-repeatable levels by time:
     D:1: 1164 daAuts
     D:2: 1122 daAuts
     D:3: 190 daAuts
